 Seeded DCSS version 0.29-a0-397-g846e4a0bbc (webtiles) character file.

Game seed: 3853640191977401903 (custom seed)

21 oldmanjim the Bolt Thrower (level 2, -1/18 HPs)
             Began as a Gargoyle Hunter on May 11, 2022.
             Slain by a gnoll
             ... wielding a +0 flail
              (10 damage)
             ... on level 1 of the Dungeon.
             The game lasted 00:01:47 (416 turns).

oldmanjim the Bolt Thrower (Gargoyle Hunter)         Turns: 416, Time: 00:01:47

Health: -1/18      AC:  5    Str: 14    XL:     2   Next: 87%
Magic:  2/2        EV: 11    Int:  9    God:
Gold:   44         SH:  0    Dex: 13    Spells: 1/1 levels left

rFire   . . .      SeeInvis .   a - +1 hand crossbow
rCold   . . .      Faith    .   (no shield)
rNeg    + . .      Spirit   .   b - +0 leather armour
rPois   ∞          Reflect  .   (no helmet)
rElec   +          Harm     .   (no cloak)
rCorr   .          Rampage  .   (no gloves)
Will    .....                   (no boots)
Stlth   +.........              (no amulet)
HPRegen 0.06/turn               (no ring)
MPRegen 0.08/turn               (no ring)

@: no status effects
A: sickness immunity, AC +2, negative energy resistance 1, electricity
resistance, torment resistance 1, petrification resistance
a: no special abilities


You were on level 1 of the Dungeon.
You visited 1 branch of the dungeon, and saw 1 of its levels.

You collected 44 gold pieces.

Inventory:

Hand Weapons
 a - a +1 hand crossbow (weapon)
Missiles
 h - 3 stones
Armour
 b - a +0 leather armour (worn)
Scrolls
 c - a scroll of immolation
 d - 3 scrolls of teleportation {unknown}
 e - a scroll of amnesia {unknown}
 f - a scroll of torment {unknown}
 g - a scroll of silence {unknown}


   Skills:
 + Level 2.9 Fighting
 + Level 4.4 Crossbows
 - Level 1.6 Dodging
 - Level 1.2 Stealth


You had one spell level left.
You didn't know any spells.
Your spell library was empty.

Dungeon Overview and Level Annotations

Branches:
Dungeon (1/15)

Altars:


Innate Abilities, Weirdness & Mutations

You are immune to sickness and miasma.
Your stone body is resilient. (AC +2)
You are immune to poison.
You resist negative energy. (rN+)
You are resistant to electric shocks. (rElec)
You are resistant to unholy torment.
You are immune to petrification.


Message History

Aim: a hobgoblin (63% to hit)
You shoot a bolt. The bolt hits the hobgoblin.
The hobgoblin is severely wounded.
Shoot: a) +1 hand crossbow
Press: ? - help, Q - select action, (/) - cycle Shift-Dir - straight line, f/p - hobgoblin
Aim: a hobgoblin (severely wounded, 63% to hit)
You shoot a bolt. The bolt hits the hobgoblin.
The hobgoblin is almost dead.
The hobgoblin hits you but does no damage.
You shoot a bolt. The bolt barely misses the hobgoblin.
The hobgoblin barely misses you.
You shoot a bolt. The bolt barely misses the hobgoblin.
The hobgoblin hits you.
You shoot a bolt.
The bolt completely misses the hobgoblin.
The bolt hits the gnoll.
The gnoll is lightly wounded.
The hobgoblin misses you. The hobgoblin hits you.
The gnoll throws a stone.
The stone barely misses you.
You shoot a bolt. The bolt hits the hobgoblin.
You kill the hobgoblin!
The gnoll throws a stone.
The stone barely misses you.
You shoot a bolt. The bolt barely misses the gnoll.
The bolt hits the plant!
The plant begins to die.
The plant is lightly damaged.
The gnoll closely misses you.
You shoot a bolt. The bolt closely misses the gnoll.
The bolt hits the plant!
The plant is lightly damaged.
The gnoll hits you with a +0 flail.
You shoot a bolt. The bolt hits the gnoll.
The gnoll is lightly wounded.
A nearby plant withers and dies.
The gnoll hits you with a +0 flail.
You are too injured to fight recklessly!
Shoot: a) +1 hand crossbow
Press: ? - help, Q - select action, (/) - cycle Shift-Dir - straight line, f/p - gnoll
Aim: a gnoll, wielding a +0 flail and quivering stones (lightly wounded, 66% to hit)
You shoot a bolt. The bolt hits the gnoll.
The gnoll is moderately wounded.
The gnoll hits you with a +0 flail!
Ouch! That really hurt!
You die...

≈≈≈ ≈≈≈≈ ... ####.# ≈♣≈≈
.≈≈ ## ... .... .≈≈≈≈ †≈≈
.#..##.##..# .≈≈♣≈≈♣..
..#...#..# ...#.#.
...._....# .#.##....
.#...#..#### .......)#
#.##.##.##<.#
#...###g#####.......###..
........@...#........###.
....####..#...#####..##..
.# ##.##.## #..#...
#..#.#######.#>##
)).#...)...).###
..##.......#.).##
..####........###..#
....................
#####.........######


You could see a gnoll.

Vanquished Creatures
  A gnoll (D:1)
  An endoplasm (D:1)
  A giant cockroach (D:1)
  2 hobgoblins (D:1)
  2 goblins (D:1)
  4 kobolds (D:1)
  A rat (D:1)
12 creatures vanquished.

Vanquished Creatures (others)
  6 plants (D:1)
6 creatures vanquished.

Grand Total: 18 creatures vanquished

Notes
Turn   | Place    | Note
-------+----------+-------------------------------------------
     0 | D:1      | oldmanjim the Gargoyle Hunter began the quest for the Orb.
     0 | D:1      | Reached XP level 1. HP: 12/12 MP: 1/1
    81 | D:1      | Found a faded altar of an unknown god.
   143 | D:1      | Reached XP level 2. HP: 5/18 MP: 2/2
   416 | D:1      | Slain by a gnoll

Illustrated notes

Levels and vault maps discovered:
D:1:      minmay_arrival_jagged, layout_rooms, serial_bayou,
          serial_bayou_pond_b, serial_bayou_pond_c, serial_bayou_lake_a,
          serial_bayou_ford_a, ebering_ecumenical_altar_box,
          minmay_close_crescents

Action                   || total
-------------------------++-------
 Fire: Hand crossbow     ||    38
Armor: Leather armour    ||     1
Dodge: Dodged            ||     8

Table legend: (Time is in decaauts)
 A = Elapsed time spent in this place.
 B = Non-inter-level travel time spent in this place.
 C = Inter-level travel time spent in this place.
 D = Time resting spent in this place.
 E = Time spent auto-exploring this place.
 F = Levels seen in this place.
 G = Mean time per level.
                   A        B        C        D        E       F      G
               +--------+--------+--------+--------+--------+-----+--------+
         Total |    429 |    429 |      0 |      0 |    340 |   1 |  429.0 |
       Dungeon |    429 |    429 |      0 |      0 |    340 |   1 |  429.0 |
               +--------+--------+--------+--------+--------+-----+--------+

Top non-repeatable levels by time:
     D:1: 429 daAuts
